 Dungeon Crawl Stone Soup version 0.19-a0-48-g9fa930a (webtiles) character file.

105 Kenran the Chopper (level 4, -5/39 HPs)
             Began as a Minotaur Berserker on May 6, 2016.
             Was a Believer of Trog.
             Killed by nerve-wracking pain
             ... invoked by an orc priest
              (10 damage)
             ... on level 3 of the Dungeon.
             The game lasted 00:03:07 (1758 turns).

Kenran the Chopper (Minotaur Berserker)             Turns: 1758, Time: 00:03:08

Health: -5/39      AC:  9    Str: 21    XL:     4   Next: 53%
Magic:  3/3        EV:  8    Int:  4    God:    Trog [**....]
Gold:   89         SH:  0    Dex: 11    Spells: 0 memorised, 3 levels left

rFire  . . .     SeeInvis .     a - +0 hand axe
rCold  . . .     Gourm    .     h - +0 chain mail
rNeg   . . .     Faith    .     (no shield)
rPois  .         Spirit   .     (helmet restricted)
rElec  .         Dismiss  .     (no cloak)
rCorr  .         Reflect  .     (no gloves)
SustAt .         Harm     .     n - +0 pair of boots
MR     .....                    (no amulet)
Stlth  ..........               (no ring)
                                (no ring)

@: not resistant to hostile enchantments, extremely unstealthy
A: retaliatory headbutt, horns 2
a: Berserk, Trog's Hand, Burn Spellbooks, Renounce Religion


You were on level 3 of the Dungeon.
You worshipped Trog.
Trog was pleased with you.
You were not hungry.

You visited 1 branch of the dungeon, and saw 3 of its levels.

You collected 89 gold pieces.

Inventory:

Hand Weapons
 a - a +0 hand axe (weapon)
Armour
 h - a +0 chain mail (worn)
 n - a +0 pair of boots (worn)
Jewellery
 u - an uncursed ring of resist corrosion {unknown}
Scrolls
 d - a scroll of recharging {unknown}
 j - 2 scrolls of fog {unknown}
 k - 3 scrolls of identify {unknown}
 o - a scroll of amnesia {unknown}
 p - a scroll of blinking {unknown}
 q - a scroll of enchant armour {unknown}
Potions
 b - a potion of mutation {unknown}
 e - 3 potions of degeneration {unknown}
 g - a potion of might {unknown}
 i - a potion of brilliance {unknown}
 l - 2 potions of curing {unknown}
 r - a potion of beneficial mutation {unknown}
Comestibles
 c - 3 bread rations
 f - a slice of pizza
 m - a chunk of flesh
 s - a meat ration
 t - a beef jerky


   Skills:
 - Level 3.6 Fighting
 + Level 6.4 Axes
 - Level 2.4 Armour
 - Level 2.1 Dodging


You had 3 spell levels left.
You didn't know any spells.

Dungeon Overview and Level Annotations

Branches:
Dungeon (3/15)

Altars:


Innate Abilities, Weirdness & Mutations

You reflexively headbutt those who attack you in melee.
You have a pair of horns on your head.


Message History

You headbutt the orc wizard. You hit the orc wizard.
The orc wizard is almost dead.
The orc wizard hits you with a dagger.
You hit the orc wizard but do no damage.
The orc wizard is almost dead.
The orc priest calls down the wrath of Beogh upon you.
Beogh smites you!
* * * LOW HITPOINT WARNING * * *
The orc wizard casts a spell.
The orc wizard flickers and vanishes!
Deactivating autopickup; reactivate with Ctrl-A.
You closely miss something. You headbutt something. Trog accepts your kill.
Trog appreciates your killing of a magic user.
Reactivating autopickup.
You feel a bit more experienced.
The orc priest mumbles some strange prayers to Beogh against you.
Pain shoots through your body!
You die...

#########
#.......######
#####.#####..)...#
#...[.## ######.#
#......# #.#
#.####.# #.#
#.####.# #.#
#....#.# #.####
#.##@#.######
#.....
#####.##)#......#
####..
........o.......#
##.#.
.#..#..........#
#.###
#....#.##.....#
##.#.
......##.##.....#
##.# ###S..
..############ #.#
....
########......#
#.# .....
#........#.# #.#


You could see an orc priest and an adder.

Vanquished Creatures
  An orc wizard (D:3)
  2 adders (D:2)
  2 oozes (D:1)
  A worm (D:2)
  2 giant geckos (D:1)
  9 bats
  4 giant cockroaches (D:1)
  3 goblins
  3 hobgoblins
  4 jackals (D:1)
  6 kobolds
  A ball python (D:2)
  4 giant newts
  2 rats
44 creatures vanquished.

Notes
Turn   | Place    | Note
--------------------------------------------------------------
     0 | D:1      | Kenran the Minotaur Berserker began the quest for the Orb.
     0 | D:1      | Reached XP level 1. HP: 19/19 MP: 0/0
   110 | D:1      | Reached skill level 4 in Axes
   176 | D:1      | Reached XP level 2. HP: 22/26 MP: 1/1
   542 | D:1      | Reached skill level 5 in Axes
   779 | D:1      | Reached XP level 3. HP: 31/31 MP: 2/2
   852 | D:1      | Reached ** piety under Trog
  1450 | D:2      | Reached skill level 6 in Axes
  1450 | D:2      | Reached XP level 4. HP: 35/39 MP: 3/3
  1758 | D:3      | Killed from afar by an orc priest

Vault maps used:
D:1:      minmay_arrival_four_houses, hangedman_decor_clover_reticule
D:2:      first_bread
D:3:      grunt_temple_overflow_champion_of_chaos, nicolae_gozag_seed_capital,
          uniq_sigmund, uniq_natasha

Skill      XL: |  1  2  3 |
---------------+----------+-----
Axes           | 4 5 6 |  6.4
Fighting       | |  3.6
Armour         | |  2.4
Dodging        | |  2.1

Action                   |  1- 3 |  4- 6 || total
-------------------------+-------+-------++-------
Melee: Hand axe          |    91 |    15 ||   106
       Headbutt          |    17 |     3 ||    20
  Use: Scroll            |     1 |       ||     1
  Eat: Chunk             |     2 |     1 ||     3
Armor: Animal skin       |     4 |       ||     4
       Chain mail        |    36 |     3 ||    39
Dodge: Dodged            |    50 |     9 ||    59
